 Dungeon Crawl Stone Soup version 0.21.0-25-ge575cb9ce8 (webtiles) character file.

693 Gargoyl the Agent of Entropy (level 7, 0/58 HPs)
             Began as a Centaur Abyssal Knight on Jan 26, 2018.
             Was a Priest of Lugonu.
             Killed by nerve-wracking pain
             ... invoked by a shadow imp
              (10 damage)
             ... on level 5 of the Dungeon.
             The game lasted 00:08:50 (4839 turns).

Gargoyl the Agent of Entropy (CeAK)                 Turns: 4839, Time: 00:08:51

Health: 0/58       AC: 14    Str: 15    XL:     7   Next: 37%
Magic:  10/10      EV:  0    Int: 11    God:    Lugonu [***...]
Gold:   70         SH:  7    Dex: 10    Spells: 6/6 levels left

rFire    . . .     SeeInvis .   a - +3 hand axe
rCold    . . .     Gourm    .   d - +0 shield
rNeg     . . .     Faith    .   m - +1 plate armour {rPois}
rPois    +         Spirit   .   f - +0 helmet
rElec    .         Reflect  .   e - +0 cloak
rCorr    .         Harm     .   g - +0 pair of gloves
MR       .....     Rnd*Rage +   (no barding)
Stlth    ..........             (no amulet)
HPRegen  0.19/turn              (no ring)
MPRegen  0.12/turn              (no ring)

@: berserk cooldown, slowed
A: large, hooves 3, berserk 1, deformed body, speed 2, tough skin 3, subdued
magic 1
a: Depart the Abyss, Bend Space, Banish, Renounce Religion


You were on level 5 of the Dungeon.
You worshipped Lugonu.
Lugonu was most pleased with you.
You were hungry.

You visited 1 branch of the dungeon, and saw 5 of its levels.
You visited the Abyss 1 time.

You collected 245 gold pieces.
You spent 175 gold pieces at shops.

Inventory:

Hand Weapons
 a - a +3 hand axe (weapon)
Armour
 d - a +0 shield (worn)
 e - a +0 cloak (worn)
 f - a +0 helmet (worn)
 g - a +0 pair of gloves (worn)
 m - a +1 plate armour of poison resistance (worn)
Wands
 k - a wand of flame (13)
 o - a wand of digging (14)
 s - a wand of enslavement (13)
Scrolls
 l - 2 scrolls of teleportation
 n - a scroll of amnesia
 p - a scroll of remove curse
 q - a scroll of blinking
Potions
 b - 2 potions of berserk rage
 h - a potion of agility {unknown}
 i - a potion of heal wounds {unknown}
 j - 2 potions of might {unknown}
 r - a potion of curing
Comestibles
 c - 9 rations


   Skills:
 + Level 3.9 Fighting
 + Level 4.0 Axes
 * Level 4.0 Armour
 + Level 1.0 Dodging
 + Level 1.0 Shields
 * Level 4.4 Invocations


You had 6 spell levels left.
You didn't know any spells.

Dungeon Overview and Level Annotations

Branches:
Dungeon (5/15)             Temple (0/1) D:4

Altars:
Hepliaklqana
Kikubaaqudgha
Okawaru
Ru
Xom
Yredelemnul
The Shining One

Shops:
D:4 *

Annotations:
Abyss:1 Menkaure


Innate Abilities, Weirdness & Mutations

You have hooves in place of feet.
Armour fits poorly on your strangely shaped body.
You cover ground very quickly.
You have extremely tough skin. (AC +3)
You tend to lose your temper in combat.
Your spells are a little easier to cast, but a little less powerful.


Message History

* * * LOW HITPOINT WARNING * * *
You block the orc wizard's attack. The shadow imp hits you.
* * * LOW HITPOINT WARNING * * *
The orc wizard casts a spell at you. The magic dart hits you!
* * * LOW HITPOINT WARNING * * *
The shadow imp hits you but does no damage.
You hit the orc wizard.
You kill the orc wizard!
Lugonu accepts your kill.
Your Axes skill increases to level 4!
Your Armour skill increases to level 4!
Your shield and plate armour prevent you from hitting the shadow imp.
You block the shadow imp's attack.
Unknown command.
Your plate armour prevents you from hitting the shadow imp.
You kick the shadow imp.
The shadow imp is heavily wounded.
The shadow imp gestures at you. Pain shoots through your body!
You die...

#.# #.# #)#
#.# ######.#
#.#
##....#'######
#.#
.............#
#.# ###
.............#
#)# #..
.............#
#.# #.#
..##...).....#
#(# #.# .
#...@?....#
#(# #.#
#...5.....#
#.#####.#
#.........#
#.(......
#....(....#
#######.#
#%........#
#(#
#.......?.#
#.#
####......#
#.# #.######
#.# ##..


You could see a shadow imp.

Vanquished Creatures
  Sigmund (D:2)
  A centaur (D:5)
  An orc priest (D:3)
  A hound (D:5)
  3 orc wizards
  2 worker ants
  7 adders
  3 gnolls (D:4)
  A dart slug (D:1)
  2 leopard geckos (D:2)
  16 orcs
  11 bats
  5 giant cockroaches
  11 goblins
  5 hobgoblins
  10 jackals
  A quokka (D:3)
  5 frilled lizards
  13 kobolds
  A leopard gecko zombie (D:4)
  5 rats
105 creatures vanquished.

Notes
Turn   | Place    | Note
-------+----------+-------------------------------------------
     0 | Abyss:1  | Gargoyl the Centaur Abyssal Knight began the quest for the Orb.
     0 | Abyss:1  | Reached XP level 1. HP: 19/19 MP: 2/2
    46 | Abyss:1  | Noticed a neqoxec
    62 | Abyss:1  | Gained mutation: You tend to lose your temper in combat. [a neqoxec]
    69 | Abyss:1  | Noticed a quasit
    70 | Abyss:1  | Gained mutation: Your spells are a little easier to cast, but a little less powerful. [a neqoxec]
    83 | Abyss:1  | Noticed a chaos spawn
    83 | Abyss:1  | Noticed a starcursed mass
    83 | Abyss:1  | Noticed a spatial vortex
    84 | Abyss:1  | Noticed a spatial maelstrom
    84 | Abyss:1  | Noticed a spatial vortex
    89 | Abyss:1  | Noticed a spatial vortex
    89 | Abyss:1  | Noticed a spatial vortex
    90 | Abyss:1  | Noticed a spatial vortex
   164 | Abyss:1  | Noticed a wretched star
   164 | D:1      | Escaped the Abyss
   583 | D:1      | Reached XP level 2. HP: 24/26 MP: 3/3
   788 | D:1      | Reached * piety under Lugonu
  1210 | D:2      | Noticed Sigmund
  1367 | D:1      | Reached XP level 3. HP: 29/31 MP: 5/5
  1465 | D:2      | Killed Sigmund
  1465 | D:2      | Reached XP level 4. HP: 8/39 MP: 6/6
  1465 | D:2      | Reached XP level 5. HP: 9/45 MP: 7/7
  2017 | D:2      | Reached ** piety under Lugonu
  2653 | D:3      | Reached XP level 6. HP: 32/52 MP: 8/8
  3302 | D:3      | Reached skill level 1 in Dodging
  3308 | D:3      | Reached *** piety under Lugonu
  3883 | D:4      | Found a transporter.
  3894 | D:4      | Noticed Menkaure
  3894 | D:4      | Found a basalt altar of Yredelemnul.
  3894 | D:4      | Found an ancient bone altar of Kikubaaqudgha.
  3896 | D:4      | Found a transporter.
  3899 | D:4      | Banished Menkaure
  4137 | D:4      | Reached XP level 7. HP: 58/58 MP: 10/10
  4296 | D:4      | Found a staircase to the Ecumenical Temple.
  4385 | D:4      | Found Ilokhoni's General Store.
  4388 | D:4      | Bought a scroll of blinking for 97 gold pieces
  4388 | D:4      | Bought a scroll of teleportation for 39 gold pieces
  4388 | D:4      | Bought a potion of curing for 39 gold pieces
  4520 | D:4      | Found a hazy altar of Hepliaklqana.
  4520 | D:4      | Found a sacrificial altar of Ru.
  4525 | D:4      | Found a shimmering altar of Xom.
  4527 | D:4      | Found a glowing golden altar of the Shining One.
  4528 | D:4      | Found an iron altar of Okawaru.
  4628 | D:5      | Entered Level 5 of the Dungeon
  4823 | D:5      | Reached skill level 1 in Shields
  4839 | D:5      | Killed from afar by a shadow imp

Skill      XL: |  1  2  3  4  5  6  7 |
---------------+----------------------+-----
Axes           | 2 3 4 |  4.0
Armour         | 2 3 4 |  4.0
Invocations    | 3 4 |  4.4
Dodging        | 1 |  1.0
Shields        | 1 |  1.0
Fighting       | |  3.9

Action                   |  1- 3 |  4- 6 |  7- 9 || total
-------------------------+-------+-------+-------++-------
Melee: Hand axe          |    83 |   163 |    42 ||   288
       Kick              |     8 |    27 |     9 ||    44
Invok: Depart the Abyss  |     1 |       |       ||     1
       Banish            |       |     2 |       ||     2
  Use: Scroll            |     5 |     2 |     1 ||     8
       Potion            |     4 |       |       ||     4
  Eat: Chunk             |       |     9 |     1 ||    10
Armor: Leather armour    |    13 |       |       ||    13
       Ring mail         |    30 |       |       ||    30
       Chain mail        |    20 |   126 |       ||   146
       Skin              |     3 |       |       ||     3
       Plate armour      |       |    14 |    34 ||    48
Dodge: Dodged            |    15 |     8 |     1 ||    24
Block: Shield            |    27 |    59 |    17 ||   103
